 Dungeon Crawl Stone Soup version 0.30-a0-341-g682706514a (webtiles) character file.

Game seed: 9096672269815274718

89818 gruber the Thaumaturge (level 15, -1/117 HPs)
             Began as a Gnoll Ice Elementalist on Nov 4, 2022.
             Was a High Priest of Sif Muna.
             Slain by a freezing wraith (9 damage)
             ... on level 14 of the Dungeon.
             The game lasted 01:00:34 (29330 turns).

gruber the Thaumaturge (Gnoll Ice Elementalist)    Turns: 29330, Time: 01:00:34

Health: -1/117     AC: 23    Str:  4    XL:     15   Next: 98%
Magic:  21/30      EV:  9    Int: 23    God:    Sif Muna [*****.]
Gold:   1542       SH:  8    Dex: 19    Spells: 23/37 levels left

rFire   + + .      SeeInvis +    i - +3 flail of Moral Flaws {vorpal, rPois rF++}
rCold   + . .      Faith    .    o - +1 buckler {reflect}
rNeg    + + .      Spirit   .    U - +5 scale mail "Vadidum" {rN++ SInv}
rPois   +          Reflect  +    Q - +0 hat {Will+}
rElec   .          Harm     .    (no cloak)
rCorr   .          Rampage  .    d - +0 pair of gloves
Will    ++++.                    v - +0 pair of boots
Stlth   ++++......               S - amulet "Yseifo" {rC+ Regen+}
HPRegen 1.19/turn                a - ring of ice
MPRegen 0.22/turn                p - ring of Life {Fire Will++ Str-3 Dex+7}

@: ice-armoured, slowed, very slow
A: fangs 1, strong nose, distributed training
a: Renounce Religion, Channel Magic, Forget Spell, Divine Exegesis


You were on level 14 of the Dungeon.
You worshipped Sif Muna.
Sif Muna was extremely pleased with you.
You visited 3 branches of the dungeon, and saw 20 of its levels.
You also visited: Volcano.

You collected 1776 gold pieces.
You spent 234 gold pieces at shops.

Inventory:

Hand Weapons
 i - the +3 flail of Moral Flaws (weapon) {vorpal, rPois rF++}
   (You found it on level 11 of the Dungeon)

   It inflicts extra damage upon your enemies.
   rF:        It greatly protects you from fire.
   rPois:     It protects you from poison.
 k - a +2 demon whip of venom
 F - a +2 long sword of holy wrath
Missiles
 P - 6 throwing nets
 W - 4 curare-tipped darts
Armour
 d - a +0 pair of gloves (worn)
 o - a +1 buckler of reflection (worn)
 v - a +0 pair of boots (worn)
 Q - a +0 hat of willpower (worn)
 U - the +5 scale mail "Vadidum" (worn) {rN++ SInv}
   (You bought it in a shop on level 11 of the Dungeon)

   rN:        It greatly protects you from negative energy.
   SInv:      It lets you see invisible.
Jewellery
 a - a ring of ice (left hand)
 p - the ring of Life (right hand) {Fire Will++ Str-3 Dex+7}
   (You found it on level 9 of the Dungeon)

   [ring of fire]

   It enhances your fire magic.
   Str:       It affects your strength (-3).
   Dex:       It affects your dexterity (+7).
   rF:        It protects you from fire.
   rC:        It makes you vulnerable to cold.
   Will:      It greatly increases your willpower.
 K - a ring of poison resistance
 S - the amulet "Yseifo" (around neck) {rC+ Regen+}
   (You took it off Kirke on level 3 of the Lair of Beasts)

   [amulet of regeneration]

   rC:        It protects you from cold.
   Regen:     It increases your rate of health regeneration.
 X - a ring of positive energy
Wands
 w - a wand of flame (24)
 z - a wand of mindburst (4)
 B - a wand of digging (3)
 E - a wand of polymorph (6)
 H - a wand of roots (29)
Scrolls
 e - 4 scrolls of fear {unknown}
 f - 8 scrolls of amnesia {unknown}
 g - 13 scrolls of teleportation
 h - 4 scrolls of silence {unknown}
 j - 4 scrolls of butterflies {unknown}
 n - 2 scrolls of brand weapon {unknown}
 q - 5 scrolls of enchant weapon {unknown}
 r - 2 scrolls of summoning {unknown}
 s - 6 scrolls of poison {unknown}
 x - 7 scrolls of magic mapping {unknown}
 y - 3 scrolls of vulnerability {unknown}
 A - a scroll of noise {unknown}
 D - 6 scrolls of blinking {unknown}
 I - 4 scrolls of enchant armour {unknown}
 T - 2 scrolls of immolation {unknown}
 V - a scroll of acquirement {unknown}
Potions
 b - 3 potions of magic
 c - 10 potions of might
 l - 2 potions of ambrosia
 m - 19 potions of curing
 t - 2 potions of lignification
 u - 9 potions of heal wounds
 C - 3 potions of attraction
 G - a potion of invisibility
 L - a potion of brilliance
 M - a potion of resistance
 O - 4 potions of cancellation
 R - a potion of berserk rage
 Y - 4 potions of flight {unknown}
 Z - 6 potions of mutation {unknown}
Miscellaneous
 J - a lightning rod (1/4)
 N - a phial of floods


   Skills:
 + Level 10.9 Fighting
 + Level 10.9 Short Blades
 + Level 10.9 Long Blades
 + Level 10.9 Axes
 + Level 10.9 Maces & Flails
 + Level 10.9 Polearms
 + Level 10.9 Staves
 + Level 10.9 Ranged Weapons
 + Level 10.9 Throwing
 + Level 10.9 Armour
 + Level 11.8 Dodging
 + Level 11.6 Stealth
 + Level 10.9 Shields
 + Level 10.9 Unarmed Combat
 + Level 11.9 Spellcasting
 + Level 9.1 Conjurations
 + Level 9.1 Hexes
 + Level 9.1 Summonings
 + Level 9.1 Necromancy
 + Level 9.1 Translocations
 + Level 9.1 Transmutations
 + Level 9.1 Fire Magic
 + Level 11.5 Ice Magic
 + Level 9.1 Air Magic
 + Level 9.1 Earth Magic
 + Level 9.1 Poison Magic
 + Level 11.8 Invocations
 + Level 10.9 Evocations


You had 23 spell levels left.
You knew the following spells:

 Your Spells              Type           Power      Damage    Failure   Level
a - Freeze                Ice            100%       1d10      1%          1
b - Frozen Ramparts       Ice            100%       1d16      2%          3
c - Ozocubu's Armour      Ice            79%        N/A       2%          3
d - Summon Ice Beast      Ice/Summ       75%        N/A       13%         4
e - Hailstorm             Conj/Ice       75%        3d15      3%          3

Your spell library contained the following spells:

 Spells                   Type           Power      Damage    Failure   Level
 Beastly Appendage        Tmut           100%       N/A       1%          1
 Foxfire                  Conj/Fire      100%       2x1d9     1%          1
 Kiss of Death            Conj/Necr      100%       2d13      1%          1
 Magic Dart               Conj           100%       1d8       1%          1
 Slow                     Hex            100%       N/A       1%          1
 Call Imp                 Summ           54%        N/A       3%          2
 Cigotuvi's Dreadful Rot  Necr/Pois/Air  100%       N/A       3%          2
 Scorch                   Fire           100%       2d10      3%          2
 Wereblood                Tmut           54%        N/A       3%          2
 Call Canine Familiar     Summ           54%        N/A       6%          3
 Confusing Touch          Hex            54%        N/A       6%          3
 Gell's Gravitas          Tloc           54%        N/A       6%          3
 Kindle Blastsparks       Fire/Tloc/Air  100%       2d18      6%          3
 Lesser Beckoning         Tloc           100%       N/A       6%          3
 Mephitic Cloud           Conj/Pois/Air  54%        N/A       6%          3
 Portal Projectile        Hex/Tloc       100%       N/A       6%          3
 Spider Form              Tmut/Pois      54%        N/A       6%          3
 Teleport Other           Tloc           54%        N/A       6%          3
 Vampiric Draining        Necr           54%        2d9       6%          3
 Dispel Undead            Necr           54%        3d20      21%         4
 Flame Wave               Conj/Fire      71%        2d16      21%         4
 Leda's Liquefaction      Hex/Erth       27%        N/A       21%         4
 Freezing Cloud           Conj/Ice/Air   37%        6-21      38%         5
 Summon Forest            Summ/Tloc      27%        N/A       50%         5
 Simulacrum               Ice/Necr       37%        N/A       89%         6
 Death Channel            Necr           27%        N/A       97%         6
 Eringya's Noxious Bog    Tmut/Pois      27%        N/A       97%         6
 Summon Cactus Giant      Summ           27%        N/A       97%         6
 Spellforged Servitor     Conj/Summ      27%        N/A       100%        7
 Summon Hydra             Summ           27%        N/A       100%        7
 Borgnjor's Revivificati  Necr           27%        N/A       100%        8
 Necromutation            Tmut/Necr      27%        N/A       100%        8
 Death's Door             Necr           27%        N/A       100%        9
 Fire Storm               Conj/Fire      35%        8d9       100%        9


Dungeon Overview and Level Annotations

Branches:
Dungeon (14/15)            Temple (1/1) D:6            Lair (5/5) D:8
  Swamp (0/4) Lair:2        Snake (0/4) Lair:2        Slime (0/5) Lair:5
    Orc (0/2) D:11         Vaults (0/5) D:13        Volcano (visited)

Altars:
Ashenzari
Cheibriados
Dithmenos
Elyvilon
Fedhas
Gozag
Hepliaklqana
Kikubaaqudgha
Makhleb
Nemelex Xobeh
Okawaru
Qazlal
Ru
Sif Muna
Trog
Uskayaw
Vehumet
Wu Jian
Xom
Yredelemnul
Zin
The Shining One
Jiyva
Lugonu

Shops:
D:11 :[   D:12 (

Portals:
Abyss: Lair:5

Annotations:
Lair:4 Rupert


Innate Abilities, Weirdness & Mutations

You have very sharp teeth.
Your uncanny sense of smell can sniff out nearby items.
Your experience applies equally to all skills.


Message History

The freezing wraith barely misses you. You block the freezing wraith's attack.
Your ice beast hits the freezing wraith but does no damage.
Your ice beast hits the freezing wraith.
Your ice beast freezes the freezing wraith.
The freezing wraith completely resists.
The wall freezes the freezing wraith but does no damage.
The freezing wraith hits you but does no damage.
You block the freezing wraith's attack.
Unknown command.
Unknown command.
You hit the freezing wraith but do no damage.
The freezing wraith is moderately damaged.
The frozen ramparts melt away.
The freezing wraith hits you. The freezing wraith freezes you. You resist.
The freezing wraith barely misses you.
Your ice beast hits the freezing wraith but does no damage.
You closely miss the freezing wraith.
The freezing wraith is moderately damaged.
The freezing wraith hits you but does no damage.
The freezing wraith hits you!
* * * LOW HITPOINT WARNING * * *
The freezing wraith drains your vigour!
You feel as though you will be slow longer.
Your ice beast hits the freezing wraith but does no damage.
Unknown command.
Unknown command.
You closely miss the freezing wraith.
The freezing wraith is moderately damaged.
The freezing wraith hits you.
* * * LOW HITPOINT WARNING * * *
The freezing wraith freezes you! You resist.
* * * LOW HITPOINT WARNING * * *
You block the freezing wraith's attack.
Your ice beast hits the freezing wraith but does no damage.
Your ice beast hits the freezing wraith.
Your ice beast freezes the freezing wraith.
The freezing wraith completely resists.
The freezing wraith hits you!
* * * LOW HITPOINT WARNING * * *
The freezing wraith freezes you! You resist.
You die...

...........#.....##..#.##..#.#..#
.......8...#........##....##.##..
...........#.......##....##...##.
...........#.....................
......#.##.#.......##....##...##.
......#.##.'........##....##.##..
......#.##.#.....##..#.##..#.#..#
......#.##.#....†.##....##.....##
......#.##.#....@W.#.##..#.....#.
......#.##.#....Y.....##.........
......#)##.#.......##..#.##...##.
......#....#........##....##.##..
......######.........#.##..#.#..#
..........##............##.....##
######'#..##.............#.....#.
.......#..##.....................
.......#..##.....................


You could see a freezing wraith (ally target) and a friendly ice beast
(summoned).

Vanquished Creatures
  Gastronok (Lair:3)
  An emperor scorpion (shapeshifter) (Lair:5)
  A yaktaur captain (D:13)
  3 entropy weavers (Lair:3)
  Fannar (D:12)
  Erolcha (D:10)
  Harold (D:10)
  3 ghost crabs (Lair:3)
  2 catoblepae
  Erica (Lair:2)
  2 hydras
  2 boulder beetles
  2 centaur warriors (D:14)
  5 two-headed ogres
  3 tengu warriors
  2 thrashing horrors (Lair:5)
  Sonja (Lair:5)
  A sun demon (Volcano)
  2 skeletal warriors (D:14)
  Amaemon (D:10)
  6 fire crabs (Lair:3)
  The ghost of HoaS the Markstengu, a novice TeHu of Okawaru (D:9)
  3 large abominations (Lair:5)
  Pikel (D:8)
  3 orc sorcerers
  A wolf spider zombie (D:14)
  2 deep elf pyromancers
  2 cyclopes
  8 ugly things
  3 manticores
  2 black mambas
  3 centaur zombies (D:14)
  5 nameless horrors
  10 elephants
  2 gargoyles
  An apocalypse crab (Lair:3)
  A guardian serpent (shapeshifter) (D:13)
  2 molten gargoyles (Volcano)
  An orange demon (D:10)
  13 cane toads
  2 rime drakes
  4 komodo dragons
  2 yaktaurs (D:13)
  3 kobold demonologists
  A tengu conjurer (D:13)
  A freezing wraith (D:14)
  2 red devils (Volcano)
  A polar bear (Lair:2)
  A hornet (D:10)
  4 trolls
  A slime creature (Lair:1)
  4 dream sheep (Lair:4)
  24 blink frogs
  A spriggan (Lair:5)
  3 vampires (D:14)
  2 shadows
  5 wyverns
  A ynoxinul (Lair:5)
  8 small abominations (Lair:5)
  A wraith (D:12)
  7 fire bats (Volcano)
  38 yaks
  An unseen horror simulacrum (D:9)
  8 basilisks
  A hog (Lair:3)
  4 steam dragons
  A chaos spawn (Lair:5)
  A fire elemental (Lair:4)
  5 nagas (Lair:2)
  4 vampire mosquitoes
  Menkaure (D:6)
  3 acid dragons
  12 water moccasins
  Edmund (D:5)
  A hell hound (Volcano)
  2 orc warriors
  6 ice beasts
  A sky beast (D:7)
  3 black bears
  A centaur (shapeshifter) (D:11)
  11 wolves
  3 ogres
  2 lemures (D:8)
  3 centaurs
  2 kobold brigands
  12 bullfrogs
  6 scorpions
  3 necrophages
  5 gnoll sergeants
  A hornet simulacrum (D:9)
  4 wights (D:8)
  17 killer bees
  5 electric eels
  7 howler monkeys
  A crimson imp (D:5)
  3 lava snakes (Volcano)
  10 jellies
  2 orc priests
  6 hounds
  5 iguanas
  Ijyb (D:5)
  5 orc wizards
  A centaur simulacrum (D:9)
  18 gnolls
  9 adders
  A shadow imp (D:4)
  3 white imps
  A howler monkey simulacrum (D:9)
  2 dart slugs
  23 orcs
  33 endoplasms
  3 giant cockroaches
  11 goblins
  6 hobgoblins
  23 kobolds
  3 training dummies (D:12)
  11 ball pythons
  8 bats
  9 frilled lizards
  5 rats
562 creatures vanquished.

Vanquished Creatures (collateral kills)
  Kirke (Lair:3)
  A hydra (D:11)
  A boulder beetle (D:11)
  A large abomination (Lair:5)
  Nergalle (Lair:2)
  3 ugly things
  A deep elf pyromancer (D:14)
  2 oklob plants (Lair:5)
  An elephant (Lair:2)
  A black mamba (Lair:2)
  A smoke demon (Lair:5)
  A gargoyle (D:12)
  2 cane toads
  A rime drake (Lair:4)
  2 komodo dragons
  2 ancient zymes (Lair:5)
  A troll (D:11)
  11 blink frogs
  A slime creature (D:11)
  A yak (Lair:5)
  2 chaos spawn (Lair:5)
  A hog (Lair:3)
  4 basilisks (Lair:5)
  6 vampire mosquitoes
  An acid dragon (D:10)
  2 small abominations (Lair:5)
  A water moccasin (Lair:5)
  A wolf (Lair:5)
  A kobold brigand (D:11)
  2 bullfrogs (Lair:3)
  2 killer bees (D:11)
  An electric eel (Lair:2)
  2 gnolls (D:10)
62 creatures vanquished.

Vanquished Creatures (others)
  2 humans (Lair:3)
  A bush (Lair:5)
  27 fungi
  63 plants
  3 withered plants (D:14)
96 creatures vanquished.

Grand Total: 720 creatures vanquished

Notes
Turn   | Place    | Note
-------+----------+-------------------------------------------
     0 | D:1      | gruber the Gnoll Ice Elementalist began the quest for the
                  | Orb.
     0 | D:1      | Reached XP level 1. HP: 13/13 MP: 6/6
   114 | D:1      | Reached XP level 2. HP: 19/19 MP: 3/7
   214 | D:1      | Found Lidghym's Jewellery Emporium.
   582 | D:1      | Reached skill level 5 in Spellcasting
   582 | D:1      | Reached XP level 3. HP: 25/25 MP: 6/9
   588 | D:1      | You fall into a shaft and drop 1 floor!
   699 | D:2      | Learned a level 3 spell: Frozen Ramparts
   801 | D:2      | Found a shimmering altar of Xom.
   827 | D:2      | Reached skill level 1 in Invocations
   915 | D:2      | Reached skill level 1 in Fighting
   915 | D:2      | Reached skill level 1 in Short Blades
   915 | D:2      | Reached skill level 1 in Long Blades
   915 | D:2      | Reached skill level 1 in Axes
   915 | D:2      | Reached skill level 1 in Maces & Flails
   915 | D:2      | Reached skill level 1 in Polearms
   915 | D:2      | Reached skill level 1 in Staves
   915 | D:2      | Reached skill level 1 in Ranged Weapons
   915 | D:2      | Reached skill level 1 in Throwing
   915 | D:2      | Reached skill level 1 in Armour
   915 | D:2      | Reached skill level 1 in Shields
   915 | D:2      | Reached skill level 1 in Unarmed Combat
   915 | D:2      | Reached skill level 1 in Evocations
  1038 | D:2      | Reached XP level 4. HP: 28/32 MP: 9/11
  2003 | D:1      | Reached skill level 1 in Conjurations
  2003 | D:1      | Reached skill level 1 in Hexes
  2003 | D:1      | Reached skill level 1 in Summonings
  2003 | D:1      | Reached skill level 1 in Necromancy
  2003 | D:1      | Reached skill level 1 in Translocations
  2003 | D:1      | Reached skill level 1 in Transmutations
  2003 | D:1      | Reached skill level 1 in Fire Magic
  2003 | D:1      | Reached skill level 1 in Air Magic
  2003 | D:1      | Reached skill level 1 in Earth Magic
  2003 | D:1      | Reached skill level 1 in Poison Magic
  2236 | D:3      | Found a shadowy altar of Dithmenos.
  2352 | D:3      | Learned a level 3 spell: Ozocubu's Armour
  2664 | D:3      | Found a basalt altar of Yredelemnul.
  2763 | D:3      | Reached XP level 5. HP: 31/37 MP: 5/12
  2974 | D:4      | Noticed an ogre
  2993 | D:4      | Noticed a black bear
  3006 | D:4      | Killed a black bear
  3133 | D:4      | Killed an ogre
  3134 | D:4      | Reached skill level 5 in Dodging
  3134 | D:4      | Reached XP level 6. HP: 24/44 MP: 5/14
  3461 | D:4      | Reached XP level 7. HP: 49/50 MP: 6/15
  3706 | D:4      | Found a blossoming altar of Fedhas.
  3706 | D:4      | Found a faded altar of an unknown god.
  3714 | D:4      | Found an iron altar of Okawaru.
  3716 | D:4      | Found a stormy altar of Qazlal.
  3718 | D:4      | Found a faded altar of an unknown god.
  3949 | D:5      | Entered Level 5 of the Dungeon
  4074 | D:5      | Noticed Ijyb
  4083 | D:5      | Killed Ijyb
  4161 | D:5      | Found a burning altar of Makhleb.
  4166 | D:5      | Reached skill level 5 in Stealth
  4428 | D:5      | Reached XP level 8. HP: 42/58 MP: 8/16
  4673 | D:5      | Noticed Edmund
  4682 | D:5      | Killed Edmund
  4952 | D:6      | Noticed a wyvern
  4958 | D:6      | Killed a wyvern
  5088 | D:6      | Reached XP level 9. HP: 46/65 MP: 2/18
  5321 | D:6      | Noticed Menkaure
  5326 | D:6      | Killed Menkaure
  5364 | D:6      | Found a staircase to the Ecumenical Temple.
  5381 | Temple   | Entered the Ecumenical Temple
  5381 | Temple   | Found a transporter.
  5381 | Temple   | Found a transporter.
  5383 | Temple   | Found a transporter.
  5383 | Temple   | Found a transporter.
  5414 | Temple   | Became a worshipper of Sif Muna the Loreminder
  6322 | D:7      | Reached skill level 5 in Invocations
  6566 | D:7      | Noticed a two-headed ogre
  6573 | D:7      | Reached * piety under Sif Muna
  6829 | D:7      | Reached skill level 5 in Fighting
  6829 | D:7      | Reached skill level 5 in Short Blades
  6829 | D:7      | Reached skill level 5 in Long Blades
  6829 | D:7      | Reached skill level 5 in Axes
  6829 | D:7      | Reached skill level 5 in Maces & Flails
  6829 | D:7      | Reached skill level 5 in Polearms
  6829 | D:7      | Reached skill level 5 in Staves
  6829 | D:7      | Reached skill level 5 in Ranged Weapons
  6829 | D:7      | Reached skill level 5 in Throwing
  6829 | D:7      | Reached skill level 5 in Armour
  6829 | D:7      | Reached skill level 5 in Shields
  6829 | D:7      | Reached skill level 5 in Unarmed Combat
  6829 | D:7      | Reached skill level 5 in Evocations
  6829 | D:7      | Reached XP level 10. HP: 43/74 MP: 1/20
  7014 | D:7      | Killed a two-headed ogre
  7577 | D:8      | Noticed Pikel
  7603 | D:8      | Killed Pikel
  7798 | D:8      | Found a broken altar of Ashenzari.
  7833 | D:8      | Reached ** piety under Sif Muna
  8021 | D:8      | Found a staircase to the Lair.
  8816 | D:9      | Noticed a two-headed ogre
  8824 | D:9      | Killed a two-headed ogre
  8825 | D:9      | Reached skill level 5 in Conjurations
  8825 | D:9      | Reached skill level 5 in Hexes
  8825 | D:9      | Reached skill level 5 in Summonings
  8825 | D:9      | Reached skill level 5 in Necromancy
  8825 | D:9      | Reached skill level 5 in Translocations
  8825 | D:9      | Reached skill level 5 in Transmutations
  8825 | D:9      | Reached skill level 5 in Fire Magic
  8825 | D:9      | Reached skill level 5 in Air Magic
  8825 | D:9      | Reached skill level 5 in Earth Magic
  8825 | D:9      | Reached skill level 5 in Poison Magic
  8825 | D:9      | Reached XP level 11. HP: 79/81 MP: 11/23
  9025 | D:9      | Reached *** piety under Sif Muna
  9332 | D:9      | Noticed a brown ugly thing
  9343 | D:9      | Killed a brown ugly thing
  9375 | D:9      | Found a runed translucent gate.
  9375 | D:9      | Found a runed translucent gate.
  9375 | D:9      | Found a runed translucent gate.
  9633 | D:9      | Noticed HoaS's ghost (novice TeHu)
  9878 | D:10     | Entered Level 10 of the Dungeon
  9909 | D:10     | Noticed an orc sorcerer
  9941 | D:10     | Killed an orc sorcerer
 10060 | D:10     | Noticed an orc sorcerer
 10107 | D:10     | Killed an orc sorcerer
 10187 | D:10     | Noticed Harold
 10194 | D:10     | Killed Harold
 10387 | D:10     | Learned a level 4 spell: Summon Ice Beast
 11215 | D:10     | Noticed a two-headed ogre
 11219 | D:10     | Noticed Amaemon
 11229 | D:10     | Killed Amaemon
 11235 | D:10     | Killed a two-headed ogre
 11527 | D:10     | Noticed Erolcha
 11547 | D:10     | Killed Erolcha
 11776 | D:11     | Found a large runed translucent door.
 11789 | D:11     | Found a large runed translucent door.
 11789 | D:11     | Noticed a six-headed hydra
 11798 | D:11     | Noticed a two-headed ogre
 11993 | D:11     | Noticed a two-headed ogre
 12003 | D:11     | Killed a two-headed ogre
 12004 | D:11     | Reached XP level 12. HP: 91/91 MP: 11/24
 12054 | D:11     | Noticed a boulder beetle
 12068 | D:11     | Killed a boulder beetle
 12212 | D:11     | Found Luibb's Antique Armour Boutique.
 12302 | D:11     | Found Umame's Book Emporium.
 12305 | D:11     | Bought a faintly humming scale mail for 234 gold pieces
 12305 | D:11     | Identified the +5 scale mail "Vadidum" {rN++ SInv} (You
                  | bought it in a shop on level 11 of the Dungeon)
 12432 | D:11     | Found a staircase to the Orcish Mines.
 12442 | D:11     | Noticed a tengu warrior
 12455 | D:11     | Killed a tengu warrior
 12458 | D:11     | Reached **** piety under Sif Muna
 12468 | D:11     | Noticed a boulder beetle
 12477 | D:11     | Killed a boulder beetle
 12868 | D:11     | Killed a two-headed ogre
 13057 | D:11     | Found a large runed translucent door.
 13057 | D:11     | Found a large runed translucent door.
 14214 | D:12     | Found Leum's Firing Range.
 14592 | D:12     | Noticed Fannar
 14638 | D:12     | Killed Fannar
 15032 | Lair:1   | Entered Level 1 of the Lair of Beasts
 15487 | Lair:1   | Reached XP level 13. HP: 67/98 MP: 11/26
 15527 | Lair:1   | Reached skill level 10 in Ice Magic
 16172 | D:11     | Identified the +3 flail of Moral Flaws {vorpal, rPois rF++}
 16296 | D:9      | Reached ***** piety under Sif Muna
 16347 | D:9      | Killed HoaS's ghost
 16500 | D:9      | Got the ring of Life {Fire Will++ Str-3 Dex+7}
 16686 | Lair:2   | Received a gift from Sif Muna
 16876 | Lair:2   | Reached skill level 10 in Spellcasting
 16876 | Lair:2   | Noticed Nergalle
 16896 | Lair:2   | Killed Nergalle
 17460 | Lair:2   | Found a staircase to the Snake Pit.
 17475 | Lair:2   | Noticed Erica
 17564 | Lair:2   | Reached skill level 10 in Dodging
 17580 | Lair:2   | Killed Erica
 17996 | Lair:2   | Found a staircase to the Swamp.
 18262 | Lair:2   | Reached skill level 10 in Stealth
 18616 | Lair:3   | Noticed Gastronok
 18627 | Lair:3   | Killed Gastronok
 18835 | Lair:3   | Reached XP level 14. HP: 101/108 MP: 12/28
 18862 | Lair:3   | Reached skill level 10 in Invocations
 19141 | Lair:3   | Found a runed translucent door.
 20475 | Lair:3   | Received a gift from Sif Muna
 20898 | Lair:3   | Identified the amulet "Yseifo" {rC+ Regen+}
 20898 | Lair:3   | Noticed Kirke
 21123 | Lair:3   | Killed Kirke
 21646 | Lair:4   | Noticed Rupert
 21772 | Lair:4   | Found a sacrificial altar of Ru.
 21924 | Lair:4   | Found a dark tunnel.
 21944 | Volcano  | Entered a volcano
 22222 | Volcano  | Found a burning altar of Makhleb.
 23056 | Lair:5   | Entered Level 5 of the Lair of Beasts
 23199 | Lair:5   | Reached skill level 10 in Fighting
 23199 | Lair:5   | Reached skill level 10 in Short Blades
 23199 | Lair:5   | Reached skill level 10 in Long Blades
 23199 | Lair:5   | Reached skill level 10 in Axes
 23199 | Lair:5   | Reached skill level 10 in Maces & Flails
 23199 | Lair:5   | Reached skill level 10 in Polearms
 23199 | Lair:5   | Reached skill level 10 in Staves
 23199 | Lair:5   | Reached skill level 10 in Ranged Weapons
 23199 | Lair:5   | Reached skill level 10 in Throwing
 23199 | Lair:5   | Reached skill level 10 in Armour
 23199 | Lair:5   | Reached skill level 10 in Shields
 23199 | Lair:5   | Reached skill level 10 in Unarmed Combat
 23199 | Lair:5   | Reached skill level 10 in Evocations
 23332 | Lair:5   | Noticed Sonja
 23375 | Lair:5   | Killed Sonja
 23376 | Lair:5   | Reached XP level 15. HP: 111/115 MP: 11/30
 24280 | Lair:5   | Found a viscous altar of Jiyva.
 24281 | Lair:5   | Found a staircase to the Slime Pits.
 25175 | Lair:5   | Received a gift from Sif Muna
 25176 | Lair:5   | Got Sif Muna's Discourse on Firn and Evil {god gift}
 25181 | Lair:5   | Learned a level 3 spell: Hailstorm
 25920 | Lair:5   | Found a corrupted altar of Lugonu.
 25920 | Lair:5   | Found a one-way gate to the infinite horrors of the Abyss.
 25937 | Lair:5   | a death yak changed into an emperor scorpion
 25937 | Lair:5   | Noticed an emperor scorpion (shapeshifter)
 25953 | Lair:5   | Killed an emperor scorpion
 27209 | D:13     | Identified the +0 scale mail of Yhozosch {rPois rN+ Slay-3}
 27331 | D:13     | Got the Folio of Blows and Bruises and the Arsonist
 27472 | D:13     | Identified the +0 scale mail of Oshret Jaiz {rC+ rN++}
 27509 | D:13     | Found a gate to the Vaults.
 27833 | D:14     | HP: 4/117 [white ugly thing (17)]
 29330 | D:14     | Slain by a freezing wraith

Illustrated notes

Levels and vault maps discovered:
D:1:      nzn_arrival_crosshair, layout_basic, serial_shops, shop
D:2:      layout_basic, basic_altar
D:3:      layout_loops_ring, mainiacjoe_overflow_catwalk_spiral,
          lexackson_kobold_supper
D:4:      layout_rooms, chequers_temple_overflow_minitemple
D:5:      layout_basic, makhleb_grotto_becter, uniq_edmund, uniq_ijyb
D:6:      layout_loops_ring, minmay_temple_entry_gardened_gates, uniq_menkaure
D:7:      layout_basic, enter_bailey_3, minmay_joined_circles
D:8:      layout_basic, kennysheep_mini, erik_lair_island, uniq_pikel
D:9:      layout_basic, gammafunk_ghost_icy, minmay_misc_feat_columns
D:10:     cheibrodos_wizards_tower, layout_loops_corners, uniq_erolcha,
          uniq_amaemon, uniq_harold
D:11:     layout_basic, orc_0_dummy, serial_shops, shop, shop, grunt_decor_cap,
          minmay_misc_feat_hallway, minmay_hollow_rounded_squares
D:12:     layout_roguey, nicolae_shop_firing_range, uniq_fannar
D:13:     layout_roguey, david_vaults_2
D:14:     minmay_sliced_demisemicircle, layout_stronghold, serial_undead,
          serial_undead_d, serial_undead_a, serial_undead_c, serial_undead_d,
          nicolae_wwwww, grunt_decor_junction, dreamdust_princess_corridor
Temple:   hellmonk_temple_divided_pantheon
Lair:1:   lemuel_slime, layout_small_grid, lemuel_fruit_tree, grunt_megastairs_4
Lair:2:   layout_gridlike, minmay_swamp_entry_swarm,
          minmay_snake_entry_guardpost_medium, st_stairs_7,
          beast_lair_carwin_11, serial_bayou_shore_a, uniq_nergalle, uniq_erica
Lair:3:   gammafunk_mikee_crab_dinner, layout_cave_pods, serial_bayou_pond_e,
          dreamdust_mushroom_princess, chequers_serial_rivers_small_3,
          uniq_kirke, uniq_gastronok
Lair:4:   layout_loops_ring, basic_altar, lightli_volcano_entry_magma_tube,
          nicolae_quartered_pool_impasse, grunt_megastairs_1, uniq_rupert
Lair:5:   hellmonk_lair_end_abyssal_woods, layout_cave_pods,
          minmay_slime_entry_oklob_open, infiniplex_staircase_pool_2, uniq_sonja

Skill      XL: |  1  2  3  4  5  6  7  8  9 10 11 12 13 14 15 |
---------------+----------------------------------------------+-----
Spellcasting   | 5 6 7 8 9 10 11 | 11.9
Invocations    | 1 2 3 4 5 6 7 8 9 10 11 | 11.8
Fighting       | 1 2 3 5 6 7 8 9 10 | 10.9
Short Blades   | 1 2 3 5 6 7 8 9 10 | 10.9
Long Blades    | 1 2 3 5 6 7 8 9 10 | 10.9
Axes           | 1 2 3 5 6 7 8 9 10 | 10.9
Maces & Flails | 1 2 3 5 6 7 8 9 10 | 10.9
Polearms       | 1 2 3 5 6 7 8 9 10 | 10.9
Staves         | 1 2 3 5 6 7 8 9 10 | 10.9
Ranged Weapons | 1 2 3 5 6 7 8 9 10 | 10.9
Throwing       | 1 2 3 5 6 7 8 9 10 | 10.9
Armour         | 1 2 3 5 6 7 8 9 10 | 10.9
Shields        | 1 2 3 5 6 7 8 9 10 | 10.9
Unarmed Combat | 1 2 3 5 6 7 8 9 10 | 10.9
Evocations     | 1 2 3 5 6 7 8 9 10 | 10.9
Conjurations   | 1 2 3 4 5 6 7 8 9 |  9.1
Hexes          | 1 2 3 4 5 6 7 8 9 |  9.1
Summonings     | 1 2 3 4 5 6 7 8 9 |  9.1
Necromancy     | 1 2 3 4 5 6 7 8 9 |  9.1
Translocations | 1 2 3 4 5 6 7 8 9 |  9.1
Transmutations | 1 2 3 4 5 6 7 8 9 |  9.1
Fire Magic     | 1 2 3 4 5 6 7 8 9 |  9.1
Air Magic      | 1 2 3 4 5 6 7 8 9 |  9.1
Earth Magic    | 1 2 3 4 5 6 7 8 9 |  9.1
Poison Magic   | 1 2 3 4 5 6 7 8 9 |  9.1
Dodging        | 5 6 7 8 9 10 11 | 11.8
Stealth        | 5 6 7 8 9 10 11 | 11.6
Ice Magic      | 8 9 10 11 | 11.5

Action                   |  1- 3 |  4- 6 |  7- 9 | 10-12 | 13-15 || total
-------------------------+-------+-------+-------+-------+-------++-------
Melee: Unarmed           |    13 |    48 |       |       |       ||    61
       Bite              |     4 |     6 |    17 |    46 |   168 ||   241
       Punch             |       |     1 |     3 |    19 |    23 ||    46
       Rapier            |       |     8 |   107 |       |       ||   115
       Flail             |       |       |    21 |    38 |   831 ||   890
       Short sword       |       |       |       |    10 |       ||    10
       Whip              |       |       |       |     3 |       ||     3
       Spear             |       |       |       |    87 |       ||    87
       Demon whip        |       |       |       |   219 |    20 ||   239
       Long sword        |       |       |       |       |     2 ||     2
 Cast: Freeze            |    48 |    66 |    53 |    72 |   240 ||   479
       Frozen Ramparts   |       |     9 |    31 |    60 |   110 ||   210
       Ozocubu's Armour  |       |     4 |    18 |    49 |    73 ||   144
       Summon Ice Beast  |       |       |       |    20 |   100 ||   120
       Hailstorm         |       |       |       |       |    12 ||    12
Evoke: Wand              |       |       |     8 |    13 |     8 ||    29
       Phial of floods   |       |       |       |     1 |     2 ||     3
       Lightning rod     |       |       |       |       |    12 ||    12
  Use: Scroll            |       |       |       |    10 |     2 ||    12
       Potion            |       |       |       |       |     3 ||     3
 Stab: Sleeping          |       |     1 |     8 |     1 |       ||    10
       Distracted        |       |       |       |     4 |     8 ||    12
Armor: Robe              |     9 |    48 |    78 |   156 |   211 ||   502
       Scale mail        |       |       |       |       |   519 ||   519
Dodge: Dodged            |    26 |    84 |   145 |   291 |   573 ||  1119
Block: Buckler           |       |       |       |       |   242 ||   242
       Reflection        |       |       |       |       |     6 ||     6

Table legend: (Time is in decaauts)
 A = Elapsed time spent in this place.
 B = Non-inter-level travel time spent in this place.
 C = Inter-level travel time spent in this place.
 D = Time resting spent in this place.
 E = Time spent auto-exploring this place.
 F = Levels seen in this place.
 G = Mean time per level.
                   A        B        C        D        E       F      G
               +--------+--------+--------+--------+--------+-----+--------+
         Total |  29255 |  27582 |   1673 |    829 |  21282 |  21 | 1393.1 |
       Dungeon |  18274 |  17125 |   1149 |    378 |  13614 |  14 | 1305.3 |
        Temple |     51 |     44 |      7 |      0 |      2 |   1 |   51.0 |
          Lair |  10438 |   9922 |    516 |    451 |   7381 |   5 | 2087.6 |
       Volcano |    491 |    491 |      0 |      0 |    284 |   1 |  491.0 |
               +--------+--------+--------+--------+--------+-----+--------+

Top non-repeatable levels by time:
  Lair:5: 3210 daAuts
  Lair:3: 3080 daAuts
    D:10: 2250 daAuts
  Lair:2: 2029 daAuts
    D:11: 1923 daAuts
    D:14: 1585 daAuts
     D:9: 1552 daAuts
     D:7: 1463 daAuts
     D:8: 1408 daAuts
    D:12: 1296 daAuts
     D:1: 1177 daAuts
  Lair:1: 1126 daAuts
     D:2: 1005 daAuts
     D:6: 1002 daAuts
  Lair:4: 991 daAuts
